 Dungeon Sprint DCSS version 0.18-a0-1797-gc18daef (webtiles) character file.

3300000 macross the Axe Maniac (level 20, -3/216 HPs)
             Began as a Minotaur Berserker on Apr 22, 2016.
             Slain by a meat berserker
             ... wielding a +9 battleaxe
              (48 damage)
             ... in the Dungeon (Sprint VIII: "Arena of Blood").
             The game lasted 00:02:26 (33 turns).

macross the Axe Maniac (Minotaur Berserker)           Turns: 33, Time: 00:02:28

Health: -3/216     AC:  4    Str: 30    XL:     20   Next: 94%
Magic:  19/45      EV: 26    Int:  4    God:
Gold:   0          SH:  0    Dex: 11    Spells: 0 memorised, 64 levels left

rFire  . . .     SeeInvis .     j - +∞ Axe of Woe
rCold  . . .     Gourm    .     b - +0 animal skin
rNeg   . . .     Faith    .     (shield currently unavailable)
rPois  .         Spirit   .     (helmet restricted)
rElec  .         Dismiss  .     (no cloak)
rCorr  .         Reflect  .     (no gloves)
SustAt .         Harm     .     (no boots)
MR     +....     NoTele   +     (no amulet)
Stlth  ++++++++..               (no ring)
                                (no ring)

@: exhausted, slowed, very slow, somewhat resistant to hostile enchantments,
extraordinarily stealthy
A: retaliatory headbutt, horns 2
a: no special abilities


You were in the Dungeon.
You were not hungry.

You visited 1 branch

Inventory:

Hand Weapons
 a - a +0 hand axe
 j - the +∞ Axe of Woe (weapon)
   (You found it in the Dungeon)
Armour
 b - a +0 animal skin (worn)
Scrolls
 i - a scroll of blinking
Potions
 d - a potion of curing
 e - a potion of heal wounds
 f - a potion of haste
 g - 2 potions of magic
 h - a potion of berserk rage
Comestibles
 c - a bread ration


   Skills:
 O Level 27 Fighting
 O Level 27 Axes
 O Level 27 Throwing
 O Level 27 Armour
 O Level 27 Dodging
 O Level 27 Stealth
 O Level 27 Unarmed Combat
 + Level 22.9 Spellcasting


You had 64 spell levels left.
You didn't know any spells.

Dungeon Overview and Level Annotations

Branches:
Dungeon (1/1)

Altars:
Makhleb


Innate Abilities, Weirdness & Mutations

You reflexively headbutt those who attack you in melee.
You have a pair of horns on your head.


Message History

The meat berserker is engulfed in roaring flames.
The bag of meat is engulfed in roaring flames.
You hear a shout!
A destroyer comes into view.
It is wielding a +9 great sword of slicing.
You hit the bag of meat.
You pulverise the bag of meat into a thin bloody mist.
You kill the bag of meat!
You have mastered Throwing!
Your Spellcasting skill increases to level 21!
You carve the bag of meat like a ham!!!
You cleave the bag of meat in twain.
You kill the bag of meat!
Your Spellcasting skill increases to level 22!
You hear a shout!
The meat berserker is engulfed in roaring flames.
You hear a shout!
The destroyer blinks!
You hear a shout! x2
The meat berserker is engulfed in roaring flames.
The meat berserker hits you with a +9 battleaxe!!!
You die...

.. ..... #..
....# #.. ...# ..
.###.. ...###...
..V...###)..o....
.....o_)).......
...#.....#......
#_.<)_# .....
..#....@#......
......)_§O§..o...
......###o§V.....
.###.. o.o###...
#.. .V..# .. #.
o....# .........
....§......
..........


You could see 3 destroyers, a meat berserker (berserk) and 5 bags of meat.

Vanquished Creatures
  A vampire knight (D)
  4 ogres (D)
  20 orcs (D)
  A hill giant (D)
26 creatures vanquished.

Notes
Turn   | Place    | Note
--------------------------------------------------------------
     0 | D        | macross the Minotaur Berserker began the quest for the Orb.
     0 | D        | Reached XP level 1. HP: 19/19 MP: 0/0
     3 | D        | Noticed a bag of meat
     3 | D        | Noticed a meat berserker
     3 | D        | Noticed a bag of meat
     3 | D        | Killed a bag of meat
     3 | D        | Reached XP level 2. HP: 56/56 MP: 1/1
     3 | D        | Reached XP level 3. HP: 63/63 MP: 2/2
     3 | D        | Reached XP level 4. HP: 71/71 MP: 3/3
     3 | D        | Reached XP level 5. HP: 79/79 MP: 4/4
     3 | D        | Reached XP level 6. HP: 86/86 MP: 5/5
     3 | D        | Reached XP level 7. HP: 94/94 MP: 6/6
     3 | D        | Reached XP level 8. HP: 102/102 MP: 7/7
     3 | D        | Reached XP level 9. HP: 108/108 MP: 8/8
     3 | D        | Reached XP level 10. HP: 117/117 MP: 9/9
     3 | D        | Reached XP level 11. HP: 124/124 MP: 10/10
     3 | D        | Noticed a bag of meat
     4 | D        | Noticed a bag of meat
     4 | D        | Killed a meat berserker
     4 | D        | Reached ** piety under Trog
     4 | D        | Reached XP level 12. HP: 144/144 MP: 11/11
     4 | D        | Reached XP level 13. HP: 151/151 MP: 12/12
     5 | D        | Noticed a meat berserker
     5 | D        | Noticed a bag of meat
     6 | D        | Noticed a bag of meat
     6 | D        | Noticed a bag of meat
     7 | D        | Killed a bag of meat
     7 | D        | Reached skill level 15 in Armour
     7 | D        | Reached XP level 14. HP: 118/163 MP: 13/13
     7 | D        | Noticed a bag of meat
     8 | D        | Killed a meat berserker
     8 | D        | Reached skill level 27 in Fighting
     8 | D        | Reached skill level 27 in Axes
     8 | D        | Reached skill level 10 in Stealth
     8 | D        | Reached XP level 15. HP: 127/174 MP: 14/14
     8 | D        | Reached *** piety under Trog
    10 | D        | Reached XP level 16. HP: 134/183 MP: 15/15
    13 | D        | Noticed a meat berserker
    13 | D        | Reached **** piety under Trog
    13 | D        | Reached skill level 15 in Stealth
    13 | D        | Reached skill level 27 in Armour
    15 | D        | Noticed a large bag of meat
    16 | D        | Noticed a meat berserker
    16 | D        | Killed a meat berserker
    16 | D        | Reached skill level 27 in Dodging
    16 | D        | Reached XP level 17. HP: 104/191 MP: 16/16
    16 | D        | Reached ***** piety under Trog
    18 | D        | Received a gift from Trog
    18 | D        | Reached skill level 27 in Stealth
    18 | D        | Reached XP level 18. HP: 110/200 MP: 17/17
    21 | D        | Noticed a destroyer
    22 | D        | Killed a meat berserker
    22 | D        | Reached skill level 15 in Unarmed Combat
    22 | D        | Reached skill level 10 in Spellcasting
    22 | D        | Reached XP level 19. HP: 102/207 MP: 17/34
    23 | D        | Noticed a meat berserker
    23 | D        | Killed a destroyer
    23 | D        | Fell from the grace of Trog
    23 | D        | Reached skill level 15 in Spellcasting
    25 | D        | Killed a large bag of meat
    25 | D        | Reached XP level 20. HP: 73/216 MP: 17/40
    30 | D        | Reached skill level 27 in Unarmed Combat
    33 | D        | Noticed a destroyer
    33 | D        | Reached skill level 27 in Throwing
    33 | D        | Slain by a meat berserker

Vault maps used:
D:        meatsprint

Skill      XL: |  1  2  3  4  5  6  7  8  9 10 11 12 13 14 15 16 17 18 19 20 |
---------------+-------------------------------------------------------------+-----
Fighting       | 20 24 25 27 | 27.0
Axes           | 20 24 26 27 | 27.0
Armour         | 12 14 15 19 24 27 | 27.0
Dodging        | 11 13 14 18 23 27 | 27.0
Stealth        | 4 6 7 10 14 22 27 | 27.0
Throwing       | 16 23 27 | 27.0
Unarmed Combat | 17 24 27 | 27.0
Spellcasting   | 12 17 22 | 22.9

Action                   |  1- 3 |  4- 6 |  7- 9 | 10-12 | 13-15 | 16-18 | 19-21 || total
-------------------------+-------+-------+-------+-------+-------+-------+-------++-------
Melee: Executioner's axe |     1 |       |       |     1 |     3 |     5 |     7 ||    17
Invok: Berserk           |       |       |       |       |       |     1 |       ||     1
 Stab: Distracted        |     1 |       |       |       |       |       |       ||     1
Dodge: Dodged            |       |       |       |       |       |     3 |       ||     3
